Map: Dusty Gorge

Players

RCons

  • Race: Protoss Protoss
  • Spawn Location: 11:00

Toronoy

  • Race: Zerg Zerg
  • League: Platinum
  • Spawn Location: 9:00

Massa - Winner!

  • Race: Terran Terran
  • League: Gold
  • Spawn Location: 3:00

qqq - Winner!

  • Race: Zerg Zerg
  • League: Platinum
  • Spawn Location: 5:00

VOD

Have the link to the VOD?

Description

Time

  • Played on: May 16, 2020, 5:29 a.m.
  • Length: 5:50
Show
View Real Time Build Order
Export as new Build Order

RCons Protoss 

Build Orders:  

Get SALT Encoding   

  12  0:13  Pylon  
  12  0:18  Probe (Chrono Boost)  
  13  0:27  Probe (Chrono Boost)  
  14  0:37  Gateway  
  14  0:40  Probe  
  15  0:51  Pylon  
  15  1:04  Pylon  
  15  1:26  Assimilator  
  15  1:31  Cybernetics Core  
  15  1:33  Pylon  
  15  1:51  Nexus  
  15  2:02  Assimilator  
  15  2:06  Pylon  
  15  2:18  Pylon  
  15  2:26  Probe (Chrono Boost)  
  16  2:35  Probe (Chrono Boost)  
  17  2:40  Probe (Chrono Boost)  
  18  2:44  Stargate  
  18  2:52  Pylon  
  18  3:01  Probe (Chrono Boost)  
  20  3:07  Probe (Chrono Boost)  
  20  3:11  Probe (Chrono Boost)  
  21  3:15  Probe (Chrono Boost)  
  21  3:18  Probe (Chrono Boost)  
  23  3:20  Probe (Chrono Boost)  
  24  3:28  Probe  
  24  3:31  Probe  
  26  3:38  Void Ray (Chrono Boost)  
  30  3:44  Probe  
  30  3:45  Probe  
  34  4:10  Zealot  
  34  4:11  Void Ray (Chrono Boost)  
  38  4:37  Zealot  
  40  4:38  Probe  
  40  4:40  Probe  
  36  4:51  Probe  
  26  5:02  Probe (Chrono Boost)  
  13  5:12  Probe (Chrono Boost), Zealot  
  12  5:28  Pylon  
Show
View Real Time Build Order
Export as new Build Order

Toronoy Zerg 

Build Orders: Hatch First 

Get SALT Encoding   

  12  0:02  Drone  
  13  0:13  Overlord  
  13  0:18  Drone  
  14  0:31  Drone x2  
  16  0:35  Drone  
  17  0:55  Drone  
  18  0:59  Hatchery  
  17  1:06  Drone  
  17  1:08  Extractor  
  17  1:22  Drone, Spawning Pool  
  17  1:26  Drone  
  18  1:37  Drone  
  19  1:43  Overlord  
  19  1:49  Drone  
  20  2:00  Drone  
  21  2:19  Drone x2  
  21  2:21  Queen x2  
  27  2:24  Zergling x4  
  29  2:32  Metabolic Boost  
  29  2:36  Drone  
  30  2:39  Drone  
  31  2:53  Drone x2  
  33  3:12  Drone  
  34  3:13  Drone x2  
  34  3:14  Overlord  
  34  3:27  Zergling x4  
  36  3:34  Hatchery  
  35  3:45  Evolution Chamber  
  35  3:46  Evolution Chamber  
  35  3:47  Zergling x2  
  35  3:48  Zergling x6  
  32  4:04  Zergling x10  
  32  4:10  Zergling x8  
  32  4:11  Zergling x2  
  20  4:28  Zergling x2  
  20  4:29  Zergling x6  
    5:10  Drone  
    5:11  Drone x2  
Show
View Real Time Build Order
Export as new Build Order

Massa Terran - Winner!

Build Orders:  

Get SALT Encoding   

  12  0:11  Supply Depot  
  12  0:13  SCV  
  13  0:25  SCV  
  14  0:34  Barracks  
  14  0:37  SCV  
  15  0:56  Supply Depot  
  15  0:58  SCV  
  16  1:11  SCV  
  17  1:21  Barracks  
  17  1:27  Marine  
  18  1:45  Marine  
  18  1:46  SCV  
  20  1:55  Barracks  
  20  1:58  SCV  
  21  2:03  Marine  
  22  2:19  Barracks  
  22  2:21  Marine x2  
  24  2:28  Refinery  
  24  2:33  Supply Depot  
  24  2:39  Marine x2  
  24  2:43  Marine  
  27  2:57  Marine x2  
  29  3:01  Marine  
  30  3:06  Marine  
  31  3:15  Marine x2  
  31  3:19  Marine  
  34  3:23  Orbital Command  
  34  3:24  Marine  
  35  3:32  Marine x2  
  37  3:37  Marine  
  37  3:39  Supply Depot  
  38  3:42  Marine  
  39  4:01  Marine  
  40  4:11  Marine  
  40  4:12  Marine x2  
  43  4:18  Marine  
  44  4:29  Marine x3  
  47  4:36  Marine  
  46  4:47  Marine  
  47  4:55  Marine  
  47  4:58  Marine  
  47  5:07  Supply Depot  
  47  5:27  Factory  
  47  5:29  Marine x4  
  47  5:31  Supply Depot  
Show
View Real Time Build Order
Export as new Build Order

qqq Zerg - Winner!

Build Orders: Hatch First 

Get SALT Encoding   

  12  0:02  Drone  
  13  0:12  Drone  
  14  0:36  Hatchery  
  13  0:52  Spawning Pool  
  12  1:03  Overlord  
  12  1:04  Drone  
  13  1:10  Drone  
  14  1:39  Drone x2  
  16  1:41  Extractor, Drone  
  16  1:49  Drone  
  16  1:51  Queen  
  19  1:55  Queen  
  19  2:01  Zergling x2  
  22  2:04  Drone  
  23  2:20  Zergling x4  
  23  2:22  Drone, Zergling x2  
  27  2:27  Overlord  
  27  2:39  Drone  
  27  2:42  Overlord  
  28  2:45  Metabolic Boost  
  28  2:48  Zergling x2  
  29  2:52  Zergling x2  
  29  2:57  Drone  
  31  2:59  Zergling x2  
  33  3:05  Zergling x2  
  33  3:06  Zergling x2  
  33  3:09  Zergling x2  
  33  3:12  Drone  
  36  3:15  Zergling x2  
  36  3:18  Zergling x2  
  38  3:25  Zergling x4  
  38  3:26  Zergling x2  
  40  3:30  Drone  
  41  3:39  Baneling Nest  
  41  3:40  Zergling x2  
  41  3:43  Overlord  
  40  3:57  Zergling x6  
  40  3:59  Overlord  
  43  4:11  Zergling x8  
  43  4:12  Zergling x2  
  43  4:13  Drone  
  47  4:28  Zergling x2  
  47  4:29  Drone, Zergling x4  
  46  4:43  Zergling x6  
  48  4:59  Zergling x2  
  47  5:01  Zergling x2  
  47  5:03  Spore Crawler  
Tags
 
Add a new tag
Caveats
  • Supply blocks, unpowered buildings, or Contaminate may cause inaccurate times.
  • Supply counts are checked every 10 seconds.